 Dungeon Crawl Stone Soup version 0.23-a0-639-ga9a3373214 (webtiles) character file.

133144 Napalmbreeze the Eclecticist (level 16, -3/97 HPs)
             Began as a Deep Elf Fire Elementalist on Dec 29, 2018.
             Was the Champion of Vehumet.
             Blown up by a spellforged servitor (59 damage)
             ... with an orb of destruction
             ... summoned by the player character
             ... on level 4 of the Swamp.
             The game lasted 02:39:47 (37122 turns).

Napalmbreeze the Eclecticist (DEFE)                Turns: 37122, Time: 02:39:48

Health: -3/97      AC: 11    Str:  5    XL:     16   Next: 59%
Magic:  20/48      EV: 23    Int: 33    God:    Vehumet [******]
Gold:   1072       SH: 11    Dex: 15    Spells: 5/48 levels left

rFire    + + .     SeeInvis .   U - staff of summoning
rCold    + . .     Gourm    .   D - +2 buckler
rNeg     . . .     Faith    .   v - +2 robe {MR+}
rPois    .         Spirit   .   L - +3 hat of Pondering {ponderous, MR+ MP+10 Int+5}
rElec    +         Reflect  +   J - scarf {rC+ rF+}
rCorr    .         Harm     .   Y - +2 pair of gloves of Lateof {MR+ Dex+4 Slay+3}
MR       ++++.                  S - +0 pair of boots {Fly}
Stlth    ++........             T - +4 amulet of reflection
HPRegen  0.26/turn              W - ring of the Endless Expanse {rElec rF+ EV+4 Dex-4}
MPRegen  0.31/turn              R - ring of wizardry

@: flying, slow
A: no striking features
a: Renounce Religion, Stop Flying


You were on level 4 of the Swamp.
You worshipped Vehumet.
Vehumet was exalted by your worship.
You were not hungry.

You visited 5 branches of the dungeon, and saw 28 of its levels.
You visited 1 bazaar.
You also visited: Gauntlet and Ice Cave.

You collected 2407 gold pieces.
You spent 1335 gold pieces at shops.

Inventory:

Hand Weapons
 u - a +1 dagger of venom
 z - a +0 demon trident of freezing
Armour
 v - a +2 robe of magic resistance (worn)
 D - a +2 buckler (worn)
 E - a scarf of repulsion
 J - a scarf of resistance (worn)
 L - the +3 hat of Pondering (worn) {ponderous, MR+ MP+10 Int+5}
   (You found it in a Gauntlet)

   It affects your intelligence (+5).
   It affects your resistance to hostile enchantments.
   It affects your magic capacity (+10).
 S - a +0 pair of boots of flying (worn)
 Y - the +2 pair of gloves of Lateof (worn) {MR+ Dex+4 Slay+3}
   (You found it in an ice cave)

   It affects your dexterity (+4).
   It affects your accuracy and damage with ranged weapons and melee attacks
   (+3).
   It affects your resistance to hostile enchantments.
Magical Staves
 U - an uncursed staff of summoning (weapon)
Jewellery
 l - an uncursed ring of resist corrosion
 t - an uncursed ring of protection from fire
 x - an uncursed ring of protection from cold
 C - an uncursed amulet of the gourmand
 G - an uncursed amulet of regeneration
 R - a ring of wizardry (right hand)
 T - a +4 amulet of reflection (around neck)
 W - the ring of the Endless Expanse (left hand) {rElec rF+ EV+4 Dex-4}
   (You found it on level 6 of the Lair of Beasts)

   [ring of evasion]

   It affects your evasion (+4).
   It affects your dexterity (-4).
   It protects you from fire.
   It insulates you from electricity.
 Z - an uncursed ring of magical power
Wands
 j - a wand of scattershot (4)
 n - a wand of acid (11)
 I - a wand of paralysis (16)
 K - a wand of flame (25)
 N - a wand of disintegration (19)
 V - a wand of digging (10)
 X - a wand of iceblast (17)
Scrolls
 b - 14 scrolls of remove curse
 f - 4 scrolls of fog
 g - 9 scrolls of teleportation
 k - 3 scrolls of blinking
 o - a scroll of magic mapping
 p - 3 scrolls of amnesia
 s - a scroll of identify
 w - 5 scrolls of enchant armour
 y - 5 scrolls of fear
 Q - a scroll of torment {unknown}
Potions
 a - 3 potions of brilliance
 e - 4 potions of resistance
 h - 4 potions of ambrosia
 i - 6 potions of agility
 m - 6 potions of haste
 q - 3 potions of curing
 r - 2 potions of degeneration {unknown}
 A - 3 potions of cancellation
 B - a potion of berserk rage
 F - 5 potions of lignification
 H - a potion of mutation {unknown}
 M - 2 potions of heal wounds
 P - 2 potions of magic
Miscellaneous
 d - a box of beasts
Comestibles
 c - 60 rations


   Skills:
 + Level 9.8 Fighting
 - Level 10.0 Dodging
 - Level 2.4 Stealth
 - Level 4.5 Shields
 + Level 16.7 Spellcasting
 - Level 15.0 Conjurations
 + Level 8.2 Summonings
 + Level 9.4 Necromancy
 + Level 11.0 Fire Magic
 - Level 6.0 Ice Magic
 - Level 6.0 Air Magic
 + Level 4.0 Earth Magic
 - Level 8.0 Evocations


You had 5 spell levels left.
You knew the following spells:

 Your Spells              Type           Power        Failure   Level  Hunger
a - Iron Shot             Conj/Erth      ######....   1%          6    None
c - Spellforged Servitor  Conj/Summ      ########..   1%          7    ####...
d - Conjure Flame         Conj/Fire      #######.     0%          3    None
e - Fireball              Conj/Fire      #######...   1%          5    None
f - Sticky Flame          Conj/Fire      #######.     1%          4    None
g - Airstrike             Air            ######....   1%          4    None
q - Animate Skeleton      Necr           N/A          1%          1    None
r - Orb of Destruction    Conj           #######...   1%          7    ####...
w - Freezing Cloud        Conj/Ice/Air   ######....   1%          6    None

Your spell library contained the following spells:

 Spells                   Type           Power        Failure   Level  Hunger
 Ozocubu's Refrigeration  Ice            ######....   2%          6    None
 Flame Tongue             Conj/Fire      #####        0%          1    None
 Magic Dart               Conj           ####         0%          1    None
 Shock                    Conj/Air       ####         0%          1    None
 Searing Ray              Conj           ######       0%          2    None
 Throw Flame              Conj/Fire      ######       0%          2    None
 Apportation              Tloc           ####..       1%          1    None
 Confusing Touch          Hex            ####..       1%          1    None
 Corona                   Hex            ####...      1%          1    None
 Pain                     Necr           ####         1%          1    None
 Sandblast                Erth           ######       1%          1    None
 Summon Small Mammal      Summ           ####         1%          1    None
 Ensorcelled Hibernation  Hex/Ice        #####.       1%          2    None
 Passwall                 Tmut/Erth      #####...     1%          2    None
 Poisonous Vapours        Pois/Air       #####.       1%          2    None
 Shroud of Golubria       Chrm/Tloc      ####......   1%          2    None
 Slow                     Hex            ####....     1%          2    None
 Swiftness                Chrm/Air       #####...     1%          2    None
 Dazzling Spray           Conj/Hex       ######       1%          3    None
 Gell's Gravitas          Tloc           ####......   1%          3    None
 Ignite Poison            Fire/Tmut/Pois ######..     1%          3    None
 Inner Flame              Hex/Fire       ######..     1%          3    None
 Mephitic Cloud           Conj/Pois/Air  ######..     1%          3    None
 Portal Projectile        Hex/Tloc       ####..       1%          3    None
 Regeneration             Chrm/Necr      ######....   1%          3    None
 Static Discharge         Conj/Air       #######.     1%          3    None
 Stone Arrow              Conj/Erth      ######       1%          3    None
 Vampiric Draining        Necr           ######....   1%          3    None
 Animate Dead             Necr           N/A          1%          4    None
 Force Lance              Conj/Tloc      ######..     1%          4    None
 Fulminant Prism          Conj/Hex       ######....   1%          4    None
 Ice Form                 Ice/Tmut       #####...     1%          4    None
 Iskenderun's Mystic Bla  Conj           #######.     1%          4    None
 Summon Lightning Spire   Summ/Air       #######.     1%          4    None
 Borgnjor's Vile Clutch   Necr/Erth      ######....   1%          5    None
 Lee's Rapid Deconstruct  Erth           ######....   1%          5    None
 Lightning Bolt           Conj/Air       #######...   1%          5    None
 Leda's Liquefaction      Hex/Erth       #####.....   2%          4    None
 Petrify                  Tmut/Erth      #####...     2%          4    None
 Metabolic Englaciation   Hex/Ice        #####.....   4%          5    None
 Silence                  Hex/Air        #####.....   4%          5    None
 Cause Fear               Hex            ####......   6%          4    None
 Passage of Golubria      Tloc           N/A          6%          4    None
 Bolt of Cold             Conj/Ice       #######...   1%          6    None
 Bolt of Fire             Conj/Fire      #######...   1%          6    None
 Conjure Ball Lightning   Conj/Air       #######...   1%          6    None
 Shadow Creatures         Summ           N/A          3%          6    None
 Simulacrum               Ice/Necr       ######....   3%          6    None
 Ignition                 Fire           #######...   11%         8    #####..
 Deflect Missiles         Chrm/Air       #####.....   26%         6    None
 Ring of Flames           Chrm/Fire      ######....   43%         7    ####...
 Darkness                 Hex            ####......   61%         6    None
 Dispersal                Tloc           ####......   61%         6    None
 Controlled Blink         Tloc           N/A          100%        8    #####..
 Disjunction              Tloc           ####......   100%        8    #####..
 Tornado                  Air            ######....   100%        9    #######


Dungeon Overview and Level Annotations

Branches:
Dungeon (15/15)            Temple (1/1) D:7            Lair (6/6) D:9
  Swamp (4/4) Lair:2       Spider (0/4) Lair:2        Slime (0/5) Lair:6
    Orc (2/2) D:12            Elf (0/3) Orc:2        Vaults (0/5) D:14
 Depths (0/5) D:15

Altars:
Ashenzari
Dithmenos
Gozag
Hepliaklqana
Makhleb
Nemelex Xobeh
Ru
Sif Muna
Trog
Uskayaw
Vehumet
Yredelemnul
Beogh

Shops:
D:10 [   D:12 ?   Orc:2 *%([

Annotations:
D:6 2 transporters
Swamp:3 exclusion: downstairs


Message History

The air twists around and violently strikes the hornet!
You kill the hornet!
Vehumet accepts your kill.
You feel your power returning.
The hornet is engulfed in a cloud of scalding steam.
You kill the hornet!
Vehumet accepts your kill. The hornet barely misses you.
Your spellforged servitor gestures at the hornet while chanting.
The freezing blast engulfs the hornet.
Casting: Airstrike (safe; 1% risk of failure)
Confirm with . or Enter, or press ? or * to list all spells.
Aiming: Iron Shot (safe; 1% risk of failure)
Press: ? - help, Shift-Dir - straight line, f - hornet
Aim: a hornet (freezing vapour, water, severely wounded)
The iron shot misses the hornet.
Your spellforged servitor hums quietly as it recharges.
The orb of destruction hits you!
Ouch! That really hurt!
You die...

♣♣♣♣♣♣♣♣♣
♣.≈.≈§†§♣♣♣♣♣♣
♣≈≈≈).○○@☼..<♣
≈§§§8○°y☼§≈≈≈≈♣
.♣§§§§§§☼§☼≈≈≈♣
♣♣♣♣≈§§☼§≈≈..♣
♣.≈☼≈≈≈≈≈..≈
○☼w○≈≈.≈♣♣
≈.♣.≈≈≈≈≈≈≈≈.≈
≈○°○....≈
♣♣♣♣.§≈≈≈≈≈≈≈≈≈≈
≈☼°§≈≈≈.
♣≈≈≈≈≈≈≈≈≈.≈≈
≈☼≈°≈≈≈♣


You could see a hornet and a friendly spellforged servitor.

Vanquished Creatures
  3 thorn hunters
  Kirke (D:14)
  Donald (Orc:2)
  A frost giant (IceCv)
  Nessos (D:12)
  A minotaur (Gauntlet)
  Josephine (Orc:2)
  2 rakshasas (D:15)
  An ogre mage (D:14)
  4 vault guards (D:14)
  10 hydras
  An ice dragon (shapeshifter) (D:15)
  2 catoblepae
  2 ghost crabs (Swamp:2)
  A shambling mangrove (Swamp:4)
  6 centaur warriors
  4 alligators
  9 two-headed ogres
  5 death yaks
  An orc high priest (Orc:2)
  A tengu warrior (D:14)
  A spriggan (Swamp:2)
  3 skeletal warriors (D:13)
  A glowing orange brain (D:15)
  A glowing orange brain (shapeshifter) (D:15)
  2 swamp dragons
  3 unseen horrors (D:14)
  A wizard (D:15)
  Pikel (D:4)
  An ugly thing (D:11)
  A wolf spider zombie (D:12)
  6 oklob plants
  2 cyclopes
  4 orc sorcerers (Orc:2)
  5 manticores
  A black mamba (Lair:4)
  5 elephants
  An ice statue (IceCv)
  A smoke demon (Gauntlet)
  2 gargoyles (D:12)
  11 spiny frogs
  2 centaur skeletons
  2 molten gargoyles (Gauntlet)
  A yaktaur (D:14)
  8 komodo dragons
  10 rime drakes
  A queen bee (Lair:1)
  8 tyrant leeches
  A troll (D:14)
  A red devil (Gauntlet)
  20 polar bears
  6 hornets
  8 jumping spiders (Lair:2)
  13 blink frogs
  6 slime creatures
  A blink frog (shapeshifter) (D:15)
  5 bog bodies
  A dream sheep (Lair:4)
  8 hippogriffs
  Sigmund (D:5)
  2 shadows
  5 wyverns
  3 hogs
  51 yaks
  4 humans (D:14)
  Eustachio (D:4)
  3 basilisks
  3 hungry ghosts
  2 vampire mosquitoes
  Edmund (D:4)
  A soldier ant (shapeshifter) (D:15)
  13 swamp worms
  8 insubstantial wisps (Swamp:2)
  2 acid dragons
  14 water moccasins
  7 porcupines
  6 swamp drakes
  2 sky beasts
  2 eyes of draining
  A hornet zombie (D:15)
  A phantom (D:4)
  3 black bears
  4 ice beasts
  27 orc warriors
  5 necrophages (Swamp:3)
  A boggart (D:14)
  17 wolves
  11 ogres
  22 centaurs
  9 crocodiles
  Blork the orc (D:4)
  2 big kobolds (D:11)
  20 bullfrogs
  A gnoll sergeant (D:9)
  A water moccasin zombie (D:6)
  A wyvern skeleton (D:12)
  5 scorpions
  24 killer bees (Lair:1)
  6 wights (D:15)
  2 electric eels
  2 howler monkeys
  11 crimson imps
  2 centaur zombies
  3 hounds
  A quasit (D:14)
  3 jellies
  2 bullfrog skeletons
  22 orc priests
  23 orc wizards
  3 iguanas
  Natasha (twice) (D:4)
  2 hell rats (Lair:4)
  8 worker ants
  A hound skeleton (D:8)
  4 gnolls (D:9)
  13 adders
  7 river rats (Lair:4)
  2 shadow imps
  An ooze (D:7)
  2 adder skeletons
  An adder zombie (D:8)
  5 dart slugs
  7 leopard geckos
  100 orcs
  5 bats
  3 giant cockroaches
  2 hobgoblins (D:1)
  13 jackals
  16 kobolds
  3 quokkas
  A ball python (D:2)
  9 frilled lizards
  5 goblins
  A jackal skeleton (D:4)
  A leopard gecko skeleton (D:8)
  A quokka skeleton (D:4)
  15 rats
  4 fungi
  7 plants
821 creatures vanquished.

Vanquished Creatures (collateral kills)
  Rupert (Lair:6)
  A thorn hunter (Swamp:4)
  An orc warlord (Orc:2)
  A hydra (Swamp:1)
  3 shambling mangroves
  A centaur warrior (D:15)
  A two-headed ogre (D:13)
  2 alligators
  A deep troll shaman (Lair:6)
  An ogre mage (D:15)
  A spriggan (Swamp:4)
  A swamp dragon (Swamp:4)
  A lindwurm (Lair:6)
  An orc sorcerer (Orc:2)
  An orc knight (Orc:2)
  2 deep elf magi (D:15)
  A centaur zombie (D:13)
  2 elephants
  A guardian serpent (D:15)
  A black mamba (Lair:6)
  6 spiny frogs
  A komodo dragon (Lair:2)
  9 tyrant leeches
  A polar bear (IceCv)
  A hornet (Swamp:4)
  2 blink frogs (Lair:6)
  7 slime creatures
  A meliai zombie (D:15)
  4 bog bodies
  5 hippogriffs
  A redback (Lair:2)
  2 wyverns
  2 hogs (D:14)
  7 yaks
  3 humans (D:14)
  3 wraiths (Orc:2)
  5 vampire mosquitoes
  3 insubstantial wisps (Swamp:2)
  A warg (Orc:2)
  An acid dragon (D:15)
  An acid dragon (shapeshifter) (D:15)
  4 water moccasins
  5 swamp worms
  A soldier ant (D:13)
  2 swamp drakes
  7 orc warriors (Orc:2)
  A necrophage (Swamp:3)
  3 ogres
  4 wolves
  2 centaurs
  3 crocodiles (Lair:6)
  4 bullfrogs
  3 wights (D:15)
  A howler monkey (D:6)
  3 crimson imps
  A jelly (D:9)
  9 orc priests
  2 hounds
  An iguana (D:13)
  8 orc wizards
  A worker ant (D:6)
  A shadow imp (D:6)
  20 orcs
  A kobold (D:11)
  A fungus (Lair:6)
  6 plants
185 creatures vanquished.

Vanquished Creatures (others)
  A yak (IceCv)
  A human (D:14)
  2 wolves (IceCv)
  A centaur (D:15)
  Natasha (D:4)
  An orc (D:4)
  A bush (Lair:3)
  8 fungi
  22 plants
38 creatures vanquished.

Grand Total: 1044 creatures vanquished

Notes
Turn   | Place    | Note
-------+----------+-------------------------------------------
     0 | D:1      | Napalmbreeze the Deep Elf Fire Elementalist began the quest
                  | for the Orb.
     0 | D:1      | Reached XP level 1. HP: 10/10 MP: 6/6
   194 | D:1      | Reached XP level 2. HP: 11/15 MP: 0/8
   458 | D:1      | Learned a level 2 spell: Throw Flame
   998 | D:1      | Reached XP level 3. HP: 4/19 MP: 3/10
  1369 | D:1      | Learned a level 3 spell: Conjure Flame
  1615 | D:2      | Reached XP level 4. HP: 15/24 MP: 6/11
  2036 | D:2      | Reached skill level 4 in Spellcasting
  2044 | D:2      | Learned a level 4 spell: Sticky Flame
  2405 | D:3      | Found a shattered altar of Ashenzari.
  2544 | D:3      | Found a deep blue altar of Sif Muna.
  2732 | D:3      | Found a faded altar of an unknown god.
  2840 | D:4      | Noticed Natasha
  2840 | D:4      | Noticed a phantom
  2881 | D:4      | Noticed Eustachio
  2881 | D:4      | Noticed an ogre
  2946 | D:4      | Killed Natasha
  2946 | D:4      | Reached XP level 5. HP: 28/28 MP: 2/13
  3125 | D:4      | Noticed Natasha
  3131 | D:4      | Killed Natasha
  3416 | D:4      | Noticed Natasha
  3420 | D:4      | Killed Natasha
  3420 | D:4      | Reached XP level 6. HP: 32/32 MP: 7/15
  3503 | D:4      | Reached skill level 5 in Spellcasting
  3503 | D:4      | Reached skill level 5 in Conjurations
  3594 | D:4      | Learned a level 5 spell: Fireball
  3618 | D:4      | Noticed Blork the orc
  3635 | D:4      | Killed Blork the orc
  3635 | D:4      | Reached skill level 5 in Fire Magic
  3885 | D:4      | Noticed Pikel
  3900 | D:4      | Noticed a slave
  3901 | D:4      | Noticed a slave
  3901 | D:4      | Noticed a slave
  3902 | D:4      | Noticed a slave
  3905 | D:4      | Killed Pikel
  3905 | D:4      | Reached skill level 6 in Spellcasting
  3905 | D:4      | Reached XP level 7. HP: 31/36 MP: 8/18
  3975 | D:4      | Killed Eustachio
  3975 | D:4      | Reached XP level 8. HP: 41/41 MP: 3/20
  4163 | D:4      | Reached skill level 7 in Spellcasting
  4356 | D:5      | Entered Level 5 of the Dungeon
  4356 | D:5      | Noticed Edmund
  4374 | D:4      | Killed Edmund
  4825 | D:5      | Noticed a moth of wrath
  4828 | D:5      | Found a bloodstained altar of Trog.
  5310 | D:5      | Found an opulent altar of Gozag.
  5459 | D:5      | Noticed Sigmund
  5462 | D:5      | Killed Sigmund
  5664 | D:5      | Learned a level 1 spell: Animate Skeleton
  5863 | D:6      | Reached skill level 8 in Spellcasting
  5975 | D:6      | Found a transporter.
  5981 | D:6      | Reached XP level 9. HP: 33/46 MP: 13/23
  5987 | D:6      | Reached skill level 1 in Necromancy
  5987 | D:6      | Reached skill level 1 in Evocations
  6154 | D:6      | Found a transporter.
  6426 | D:6      | Reached skill level 1 in Fighting
  6426 | D:6      | Identified the +3 leather armour of Elyvilon's Envy {rPois
                  | Str+4 Int-2 SInv}
  6782 | D:7      | Found a sacrificial altar of Ru.
  7054 | D:7      | Reached skill level 9 in Spellcasting
  7147 | D:7      | Found a staircase to the Ecumenical Temple.
  7148 | D:7      | You fall through a shaft for 2 floors!
  7198 | Temple   | Entered the Ecumenical Temple
  7211 | Temple   | Became a worshipper of Vehumet
  7331 | D:7      | Found a hazy altar of Hepliaklqana.
  8113 | D:8      | Reached skill level 1 in Shields
  8242 | D:8      | Reached * piety under Vehumet
  8242 | D:8      | Offered knowledge of Sting by Vehumet.
  8273 | D:8      | Reached XP level 10. HP: 47/53 MP: 9/25
  9112 | D:9      | Noticed an elephant
  9335 | D:8      | Killed an elephant
  9604 | D:9      | Reached skill level 10 in Spellcasting
  9613 | D:9      | Found a basalt altar of Yredelemnul.
  9802 | D:9      | Found a staircase to the Lair.
  9980 | D:9      | Reached skill level 5 in Dodging
  9980 | D:9      | Reached ** piety under Vehumet
  9980 | D:9      | Offered knowledge of Throw Frost by Vehumet.
 10207 | D:10     | Entered Level 10 of the Dungeon
 10463 | D:10     | Reached skill level 10 in Conjurations
 10647 | D:10     | Offered knowledge of Stone Arrow by Vehumet.
 10665 | D:10     | Found a roughly hewn altar of Beogh.
 10757 | D:10     | Found Iwimoxil's Armour Shop.
 10760 | D:10     | Noticed a two-headed ogre
 10780 | D:10     | Killed a two-headed ogre
 10780 | D:10     | Reached XP level 11. HP: 60/60 MP: 5/27
 11163 | D:10     | Found a basalt altar of Yredelemnul.
 11261 | Lair:1   | Entered Level 1 of the Lair of Beasts
 11355 | Lair:1   | Reached *** piety under Vehumet
 11355 | Lair:1   | Reached skill level 5 in Evocations
 12088 | Lair:1   | Offered knowledge of Olgreb's Toxic Radiance by Vehumet.
 12663 | Lair:1   | Reached skill level 5 in Fighting
 13265 | Lair:1   | Reached **** piety under Vehumet
 13266 | Lair:1   | Reached skill level 10 in Fire Magic
 13429 | Lair:1   | Offered knowledge of Lightning Bolt by Vehumet.
 13674 | Lair:2   | Identified a scroll of acquirement
 13706 | Lair:2   | Noticed an oklob plant
 13710 | Lair:2   | Killed an oklob plant
 13712 | Lair:2   | Noticed an oklob plant
 13835 | Lair:2   | Noticed an oklob plant
 13839 | Lair:2   | Killed an oklob plant
 13913 | Lair:2   | Killed an oklob plant
 13913 | Lair:2   | Reached XP level 12. HP: 68/68 MP: 9/28
 14287 | Lair:2   | Learned a level 4 spell: Airstrike
 14438 | Lair:2   | Noticed an eight-headed hydra
 14443 | Lair:2   | Killed an eight-headed hydra
 15018 | Lair:2   | Reached skill level 1 in Air Magic
 15072 | Lair:2   | Reached ***** piety under Vehumet
 15227 | Lair:2   | Reached skill level 11 in Spellcasting
 15764 | Lair:2   | Found a hole to the Spider Nest.
 15836 | Lair:2   | Offered knowledge of Orb of Destruction by Vehumet.
 15883 | Lair:2   | Learned a level 7 spell: Orb of Destruction
 16098 | Lair:2   | Found a staircase to the Swamp.
 16741 | Lair:3   | Reached skill level 10 in Dodging
 17442 | Lair:3   | Noticed a five-headed hydra
 17452 | Lair:3   | Killed a five-headed hydra
 17452 | Lair:3   | Reached XP level 13. HP: 76/76 MP: 7/30
 17919 | Lair:4   | Found a gate leading to a gauntlet.
 17928 | Gauntlet | Entered a Gauntlet
 17928 | Gauntlet | Found a transporter.
 17933 | Gauntlet | Found a transporter.
 17933 | Gauntlet | Found a transporter.
 17938 | Gauntlet | Found a runed door.
 17940 | Gauntlet | Found a runed door.
 17942 | Gauntlet | Found a transporter.
 17944 | Gauntlet | Found a transporter.
 17953 | Gauntlet | Found a transporter.
 17970 | Gauntlet | Found a transporter.
 17979 | Gauntlet | Found the +3 hat of Pondering {ponderous, MR+ MP+10 Int+5}
 17980 | Gauntlet | Found a transporter.
 17990 | Gauntlet | Found a transporter.
 17995 | Gauntlet | Found a transporter.
 17995 | Gauntlet | Found a transporter.
 18016 | Gauntlet | Found a runed door.
 18024 | Gauntlet | Found a transporter.
 18024 | Gauntlet | Found a transporter.
 18026 | Gauntlet | Found a runed door.
 18087 | Gauntlet | Found a transporter.
 18276 | Gauntlet | Learned a level 6 spell: Freezing Cloud
 18428 | Gauntlet | Reached skill level 12 in Spellcasting
 18449 | Gauntlet | Noticed a minotaur
 18465 | Gauntlet | Killed a minotaur
 18643 | Gauntlet | Identified the Volume of the Traveller and the Birds
 19668 | Lair:5   | Reached skill level 1 in Ice Magic
 19797 | Lair:5   | You are sucked into a shaft!
 19797 | Lair:6   | Entered Level 6 of the Lair of Beasts
 19934 | Lair:6   | Found a hazy altar of Hepliaklqana.
 19957 | Lair:6   | Reached skill level 5 in Air Magic
 20101 | Lair:5   | Offered knowledge of Lee's Rapid Deconstruction by Vehumet.
 21198 | Lair:6   | Noticed Rupert
 21211 | Lair:6   | Killed Rupert
 21211 | Lair:6   | Reached skill level 13 in Spellcasting
 21274 | Lair:6   | Found a staircase to the Slime Pits.
 21581 | Lair:6   | Reached skill level 5 in Ice Magic
 21581 | Lair:6   | Reached XP level 14. HP: 50/84 MP: 28/33
 21690 | Lair:6   | Got a serpentine turquoise ring
 21692 | Lair:6   | Identified the ring of the Endless Expanse {rElec rF+ EV+4
                  | Dex-4} (You found it on level 6 of the Lair of Beasts)
 22337 | D:11     | Found a frozen archway.
 22346 | IceCv    | Entered an ice cave
 23035 | IceCv    | Reached skill level 14 in Spellcasting
 23049 | IceCv    | Offered knowledge of Spellforged Servitor by Vehumet.
 23479 | IceCv    | Noticed a frost giant
 23484 | IceCv    | Killed a frost giant
 23506 | IceCv    | Got a pair of jewelled gloves
 23517 | IceCv    | Identified the +2 pair of gloves of Lateof {MR+ Dex+4
                  | Slay+3} (You found it in an ice cave)
 24325 | D:11     | Found a burning altar of Makhleb.
 24325 | D:11     | Noticed a cacodemon
 24360 | D:11     | Found Dyos's Antique Armour Shoppe.
 24844 | D:12     | Learned a level 7 spell: Spellforged Servitor
 24888 | D:12     | Found Ehemnast's Magic Scroll Shop.
 24940 | D:12     | Found a flickering gateway to a bazaar.
 24951 | Bazaar   | Entered a bazaar
 24955 | Bazaar   | Found Xifel's Jewellery Boutique.
 24973 | Bazaar   | Found Kimang's Book Emporium.
 24990 | Bazaar   | Found Becw's Distillery.
 25007 | Bazaar   | Found Deal's Antique Weapon Shoppe.
 25046 | Bazaar   | Bought a book of Dreams for 1125 gold pieces
 25113 | D:12     | Noticed Nessos
 25116 | D:12     | Killed Nessos
 25116 | D:12     | Reached skill level 15 in Spellcasting
 25554 | D:12     | Reached skill level 1 in Summonings
 25583 | D:12     | Found a roughly hewn altar of Beogh.
 25583 | D:12     | Found a staircase to the Orcish Mines.
 26451 | D:13     | Found the +3 giant club "Skullcrusher" {speed, Str+7}
 26454 | D:13     | Offered knowledge of Bolt of Cold by Vehumet.
 27408 | D:13     | Reached skill level 5 in Necromancy
 27877 | D:14     | Found a shadowy altar of Dithmenos.
 28041 | D:14     | Reached XP level 15. HP: 88/88 MP: 14/36
 28376 | D:14     | Noticed Kirke
 28381 | D:14     | Killed Kirke
 28925 | D:14     | Reached skill level 5 in Summonings
 29027 | D:14     | You are sucked into a shaft!
 29027 | D:15     | Entered Level 15 of the Dungeon
 29057 | D:15     | Offered knowledge of Poison Arrow by Vehumet.
 29556 | D:14     | Found a gate to the Vaults.
 31096 | D:15     | Found a staircase to the Depths.
 31346 | Orc:1    | Entered Level 1 of the Orcish Mines
 31465 | Orc:2    | Entered Level 2 of the Orcish Mines
 31518 | Orc:2    | Found a roughly hewn altar of Beogh.
 31588 | Orc:2    | Found Kuyw's General Store.
 31760 | Orc:2    | Found a roughly hewn altar of Beogh.
 31766 | Orc:2    | Found Opoibli's Food Shoppe.
 31880 | Orc:2    | Noticed Donald
 31885 | Orc:2    | Killed Donald
 31885 | Orc:2    | Reached skill level 16 in Spellcasting
 31885 | Orc:2    | Reached skill level 15 in Conjurations
 31975 | Orc:2    | Found a roughly hewn altar of Beogh.
 32118 | Orc:2    | Found a roughly hewn altar of Beogh.
 32144 | Orc:2    | Found a staircase to the Elven Halls.
 32212 | Orc:2    | Noticed an orc warlord
 32218 | Orc:2    | Killed an orc warlord
 32249 | Orc:2    | Noticed Josephine
 32252 | Orc:2    | Killed Josephine
 32268 | Orc:2    | Reached ****** piety under Vehumet
 32720 | Orc:2    | Found Xisuqomi's Antique Armour Shop.
 32721 | Orc:2    | Found a roughly hewn altar of Beogh.
 32725 | Orc:2    | Found Uqawy's Antique Weapon Boutique.
 32743 | Orc:2    | Bought a ripped robe for 210 gold pieces
 32753 | Orc:2    | Identified the +1 robe of Vurongum {*Slow rC+ Str+4} (You
                  | bought it in a shop on level 2 of the Orcish Mines)
 33040 | Orc:2    | Found a roughly hewn altar of Beogh.
 33041 | Orc:2    | Offered knowledge of Iron Shot by Vehumet.
 33123 | Orc:2    | Found a radiant altar of Vehumet.
 33170 | Orc:2    | Found a roughly hewn altar of Beogh.
 33462 | Swamp:1  | Entered Level 1 of the Swamp
 33845 | Swamp:1  | Learned a level 6 spell: Iron Shot
 34115 | Swamp:1  | Reached XP level 16. HP: 96/96 MP: 38/38
 34509 | Swamp:2  | Noticed a thorn hunter
 34510 | Swamp:2  | Reached skill level 1 in Earth Magic
 34517 | Swamp:2  | Killed a thorn hunter
 35629 | Swamp:3  | Offered knowledge of Ozocubu's Refrigeration by Vehumet.
 36160 | Swamp:3  | Noticed a thorn hunter
 36165 | Swamp:3  | Killed a thorn hunter
 36359 | Swamp:3  | Noticed a thorn hunter
 36363 | Swamp:3  | Killed a thorn hunter
 36542 | Swamp:4  | Entered Level 4 of the Swamp
 37102 | Swamp:4  | Noticed a thorn hunter
 37110 | Swamp:4  | Killed a thorn hunter
 37122 | Swamp:4  | Blown up by a spellforged servitor

Vault maps used:
D:1:      dpeg_arrival_stone_temple_mockup
D:2:      first_ration, minmay_lizard_pond
D:3:      overflow_temple_1_default, lemuel_blue_sif_altar,
          chequers_ecumenical_altar_island, grunt_ministairs_4
D:4:      serial_bayou, serial_bayou_pond_e, serial_bayou_pond_e,
          serial_bayou_pond_d, serial_bayou_pond_d, uniq_natasha, uniq_pikel,
          uniq_blork_the_orc, uniq_eustachio
D:5:      kennysheep_little_box, tgw_trog, uniq_sigmund, uniq_edmund
D:6:      gammafunk_cloud_chamber
D:7:      marbit_many_paths, minmay_temple_entry_sparse_star, basic_altar
D:9:      nicolae_overflow_crystal_walls, david_lair_generic
D:10:     serial_shops, shop, special_room, grunt_ogre_cave,
          yredelemnul_altar_generic
D:11:     portal_ice_cave_entry_pillars_1, serial_shops,
          nicolae_shop_overgrown_old_shop, minivault_22,
          makhleb_altar_promises_db
D:12:     david_orc_5, serial_shops, bzr_entry_lakeside, nicolae_shop_crystal,
          uniq_nessos
D:14:     ximxim_vaults_locker_room, nicolae_dithmenos_shadow_blocks,
          minmay_fractal_squares_5, uniq_kirke
D:15:     gammafunk_enter_depths_forms, patterned_corridor, st_stairs_6,
          minmay_misc_feat_x, nrook_guardian_serpent_ordinary
Temple:   compressed_dpeg_circular_temple
Lair:1:   special_room
Lair:2:   nicolae_swamp_entry_splash_gauntlet,
          nicolae_spider_entry_tight_spaces, serial_bayou_pond_e,
          wad_woods_river_04, grunt_megastairs_4, minmay_lair_oklob_chamber
Lair:4:   gauntlet_entry_generic, kennysheep_abandoned_house, lemuel_fruit_tree
Lair:5:   wad_woods_pond, minmay_lair_drake_nest
Lair:6:   grunt_lair_end_beastmaster, slime_dummy, lemuel_oklob_altar,
          serial_bayou_shore_a, grunt_megastairs_2, uniq_rupert
Swamp:1:  serial_swamp_ruin, evilmike_swamp_ruin_rubble_1,
          evilmike_swamp_ruin_house_5, hangedman_swamp_ruin_wall,
          infiniplex_staircase_pool_2
Swamp:2:  evilmike_swamp_ruin_house_1
Swamp:3:  nicolae_swamp_little_tower, roderic_carrion_pond
Swamp:4:  swamp, swamp_pool4
Orc:1:    uniq_snorg
Orc:2:    grunt_orc_community_town_hall, grunt_orc_community_big_house_1,
          grunt_orc_community_big_house_1, grunt_orc_community_house_3,
          grunt_orc_community_house_1, grunt_orc_community_house_2,
          grunt_orc_community_house_1, grunt_orc_community_house_2,
          grunt_orc_community_house_3, basic_altar, uniq_donald, uniq_josephine
Bazaar:   bazaar_jpeg_circle_common
IceCv:    ice_cave_caverns_02
Gauntlet: minmay_gauntlet_77_tree

Skill      XL: |  1  2  3  4  5  6  7  8  9 10 11 12 13 14 15 16 |
---------------+-------------------------------------------------+-----
Conjurations   | 2 3 4 6 7 9 10 11 12 14 15 | 15.0
Spellcasting   | 4 6 8 9 10 11 13 15 16 | 16.7
Fire Magic     | 4 5 6 7 8 10 11 | 11.0
Necromancy     | 2 5 8 9 |  9.4
Evocations     | 3 4 7 8 |  8.0
Dodging        | 4 6 8 10 | 10.0
Fighting       | 2 3 5 7 8 9 |  9.8
Shields        | 2 4 |  4.5
Air Magic      | 3 6 |  6.0
Ice Magic      | 5 6 |  6.0
Summonings     | 4 7 8 |  8.2
Earth Magic    | 4 |  4.0
Stealth        | |  2.4

Action                   |  1- 3 |  4- 6 |  7- 9 | 10-12 | 13-15 | 16-18 || total
-------------------------+-------+-------+-------+-------+-------+-------++-------
Melee: Unarmed           |     1 |       |       |       |       |       ||     1
       Dagger            |     3 |     3 |   114 |   176 |   145 |       ||   441
       Demon trident     |       |       |       |       |     6 |       ||     6
       Staff             |       |       |       |       |       |     1 ||     1
 Cast: Flame Tongue      |    58 |    53 |    93 |   168 |    96 |       ||   468
       Throw Flame       |     6 |    24 |    62 |   153 |   176 |       ||   421
       Sticky Flame      |       |     4 |    16 |    88 |    95 |     2 ||   205
       Fireball          |       |       |     9 |    81 |   260 |    42 ||   392
       Animate Skeleton  |       |       |     8 |    49 |   104 |    10 ||   171
       Conjure Flame     |       |       |     2 |    10 |     7 |       ||    19
       Airstrike         |       |       |       |     6 |    22 |    14 ||    42
       Orb of Destructio |       |       |       |     1 |    38 |    28 ||    67
       Freezing Cloud    |       |       |       |       |    26 |     4 ||    30
       Spellforged Servi |       |       |       |       |    34 |    18 ||    52
       Iron Shot         |       |       |       |       |       |    14 ||    14
Evoke: Wand              |       |       |       |     6 |     1 |     3 ||    10
       Box of beasts     |       |       |       |     2 |     2 |       ||     4
  Use: Scroll            |       |       |     9 |    15 |    15 |     4 ||    43
       Potion            |       |       |       |       |     1 |       ||     1
 Stab: Distracted        |       |       |     1 |       |       |     1 ||     2
       Sleeping          |       |       |       |     1 |       |       ||     1
       Petrified         |       |       |       |       |     2 |       ||     2
  Eat: Chunk             |     2 |     8 |    13 |    47 |    74 |     4 ||   148
       Ration            |       |       |     2 |       |       |     2 ||     4
Armor: Robe              |     9 |     2 |    45 |    55 |    58 |     6 ||   175
Dodge: Dodged            |    42 |    12 |    97 |   213 |   325 |    30 ||   719
       Deflected         |       |       |     8 |     2 |       |       ||    10
Block: Buckler           |       |       |       |    63 |   125 |    10 ||   198

Table legend:
 A = Non-vault XP
 B = Vault XP
 C = Vault XP percentage of total XP
 D = Non-vault monster count
 E = Vault monster count
 F = Vault count percentage of total count
                 A         B        C        D         E       F
            +---------+---------+-------+---------+---------+-------
      Total |  122764 |   67443 |  35.5 |     649 |     340 |  34.4
            +---------+---------+-------+---------+---------+-------
        D:1 |      41 |       2 |   4.7 |      18 |       2 |  10.0
        D:2 |      94 |       4 |   4.1 |      15 |       4 |  21.1
        D:3 |      27 |      16 |  37.2 |      11 |       2 |  15.4
        D:4 |     542 |    1091 |  66.8 |      20 |       5 |  20.0
        D:5 |     169 |     232 |  57.9 |       5 |       6 |  54.5
        D:6 |    1180 |       0 |   0.0 |      28 |       0 |   0.0
        D:7 |    1091 |       7 |   0.6 |      15 |       1 |   6.2
        D:8 |    1784 |     635 |  26.3 |      36 |       2 |   5.3
        D:9 |    1795 |     356 |  16.6 |      29 |       2 |   6.5
       D:10 |    1634 |     488 |  23.0 |      14 |      27 |  65.9
       D:11 |    5606 |       0 |   0.0 |      48 |       0 |   0.0
       D:12 |    2716 |    1703 |  38.5 |      15 |      24 |  61.5
       D:13 |   10793 |     303 |   2.7 |      30 |       2 |   6.2
       D:14 |   10783 |    7953 |  42.4 |      27 |      20 |  42.6
       D:15 |   10345 |    6185 |  37.4 |      41 |      11 |  21.2
     Lair:1 |    6721 |    1794 |  21.1 |      35 |      25 |  41.7
     Lair:2 |    6509 |    5893 |  47.5 |      29 |      22 |  43.1
     Lair:3 |    6865 |       0 |   0.0 |      28 |       0 |   0.0
     Lair:4 |    1292 |     417 |  24.4 |       6 |      15 |  71.4
     Lair:5 |    2557 |    2196 |  46.2 |      11 |       6 |  35.3
     Lair:6 |    8295 |    9274 |  52.8 |      35 |      19 |  35.2
    Swamp:1 |    5257 |       0 |   0.0 |      16 |       0 |   0.0
    Swamp:2 |   12491 |       0 |   0.0 |      38 |       0 |   0.0
    Swamp:3 |   13241 |     664 |   4.8 |      31 |       6 |  16.2
    Swamp:4 |    5364 |    4064 |  43.1 |      16 |       7 |  30.4
      Orc:1 |     266 |       0 |   0.0 |       6 |       0 |   0.0
      Orc:2 |    5306 |    7985 |  60.1 |      46 |      73 |  61.3
      IceCv |       0 |   12669 | 100.0 |       0 |      49 | 100.0
   Gauntlet |       0 |    3512 | 100.0 |       0 |      10 | 100.0
            +---------+---------+-------+---------+---------+-------
